 Dungeon Crawl Stone Soup version 0.31-a0-662-g684573625c (webtiles) character file.

Game seed: 17181068767841870932

9062 Elion the Arsonist (level 10, -3/74 HPs)
             Began as a Demigod Fire Elementalist on Aug 30, 2023.
             Killed from afar by a hell knight (8 damage)
             ... with a bolt of fire
             ... on level 1 of the Lair of Beasts on Aug 31, 2023.
             The game lasted 02:15:26 (14355 turns).

Elion the Arsonist (Demigod Fire Elementalist)     Turns: 14355, Time: 02:15:26

Health: -3/74      AC: 19    Str: 12    XL:     10   Next: 98%
Magic:  11/26      EV: 10    Int: 29    God:
Gold:   335        SH:  0    Dex: 14    Spells: 5/25 levels left

rFire   + + .        r - +2 dagger (venom)
rCold   . . .        Q - orb {light}
rNeg    . . .        W - +5 scale mail of the Nexus {Contam Rampage Str+3}
rPois   +            q - +0 helmet
rElec   +            (no cloak)
rCorr   +            R - +1 pair of gloves
SInv    .            (no boots)
Will    +....        (no amulet)
Stlth   +            y - ring of fire
HPRegen 0.32/turn    K - +4 ring of protection
MPRegen 0.20/turn

%: rampage
@: resistant, hasted, glowing, very quick
A: high MP 1, forlorn, divine attributes
a: no special abilities


You were on level 1 of the Lair of Beasts.
You visited 2 branches of the dungeon, and saw 10 of its levels.
You also visited: Volcano.

You collected 580 gold pieces.
You spent 245 gold pieces at shops.

Inventory:

Hand Weapons
 k - a +2 scimitar of flaming
 o - a +5 heavy dire flail
 r - a +2 dagger of venom (weapon)
 T - a +3 dire flail of freezing
 V - a +2 vampiric spear
Missiles
 i - 114 stones
 L - 16 poisoned darts
 Y - a throwing net
Armour
 e - the +1 ring mail of the Thirteen Ships {Str+5}
   (You found it on level 8 of the Dungeon)

   Str+5:     It affects your strength (+5).
 q - a +0 helmet (worn)
 w - +0 steam dragon scales
 O - an orb of guile
 Q - an orb of light (worn)
 R - a +1 pair of gloves (worn)
 W - the +5 scale mail of the Nexus (worn) {Contam Rampage Str+3}
   (You found it on level 6 of the Dungeon)

   Str+3:     It affects your strength (+3).
   Contam:    It causes magical contamination when unequipped.
   Rampage:   It bestows one free step when moving towards enemies.
Magical Staves
 m - a staff of earth
 p - a staff of poison
Jewellery
 g - a ring of resist corrosion
 n - a ring of wizardry
 v - a ring of protection from cold
 y - a ring of fire (left hand)
 A - a ring of poison resistance
 E - a ring of positive energy
 K - a +4 ring of protection (right hand)
Wands
 c - a wand of mindburst (13)
 t - a wand of roots (15)
 I - a wand of digging (6)
 J - a wand of flame (56)
 Z - a wand of quicksilver (15)
Scrolls
 f - a scroll of torment {unknown}
 h - a scroll of fear
 j - 3 scrolls of silence
 l - a scroll of acquirement {unknown}
 u - a scroll of noise
 C - 5 scrolls of poison
 F - a scroll of vulnerability
 G - a scroll of revelation {unknown}
 P - a scroll of amnesia {unknown}
 S - 2 scrolls of fog
Potions
 a - a potion of resistance
 b - 5 potions of magic
 s - a potion of curing
 x - a potion of enlightenment
 B - a potion of cancellation {unknown}
 D - 2 potions of mutation
 H - 2 potions of attraction
 M - a potion of might {unknown}
 X - a potion of invisibility {unknown}


   Skills:
 + Level 2.7 Fighting
 + Level 3.0 Short Blades
 + Level 3.4 Armour
 + Level 3.1 Dodging
 + Level 3.1 Stealth
 + Level 8.0 Spellcasting
 + Level 3.9 Conjurations
 + Level 3.5 Translocations
 * Level 10.8 Fire Magic
 + Level 0.1 Air Magic


You had 5 spell levels left.
You knew the following spells:

 Your Spells              Type           Power      Damage    Failure   Level
a - Foxfire               Conj/Fire      100%       2x1d9     1%          1
b - Scorch                Fire           100%       2d9       1%          2
c - Flame Wave            Conj/Fire      69%        2d16      11%         4
d - Volatile Blastmotes   Fire/Tloc      100%       2d18      3%          3
e - Frozen Ramparts       Ice            22%        1d4       54%         3
f - Shock                 Conj/Air       92%        1d8       10%         1
g - Summon Cactus Giant   Summ           5%         N/A       100%        6

Your spell library contained the following spells:

 Spells                   Type           Power      Damage    Failure   Level
 Magic Dart               Conj           100%       1d8       4%          1
 Inner Flame              Hex/Fire       59%        N/A       7%          3
 Freeze                   Ice            44%        1d6       22%         1
 Hailstorm                Conj/Ice       23%        3d7       30%         3
 Call Imp                 Summ           22%        N/A       32%         2
 Wereblood                Tmut           11%        N/A       32%         2
 Mephitic Cloud           Conj/Pois/Air  19%        N/A       36%         3
 Irradiate                Conj/Tmut      11%        3d15      95%         5
 Freezing Cloud           Conj/Ice/Air   9%         6-21      98%         5
 Conjure Ball Lightning   Conj/Air       11%        3x3d6     100%        6
 Discord                  Hex            5%         N/A       100%        8
 Disjunction              Tloc           16%        N/A       100%        8


Dungeon Overview and Level Annotations

Branches:
Dungeon (9/15)             Temple (0/1) D:7            Lair (1/5) D:9
Volcano (visited)
    Orc: D:9-12

Shops:
D:1 =!*   D:3 :!*[:   D:5 *   D:8 (((=


Innate Abilities, Weirdness & Mutations

You have an increased reservoir of magic. (+10% MP)
You shall have no god before yourself.
Your divine heritage dramatically boosts your attributes as you level up.


Message History

Blink to where?
Press: ? - help, Dir - move target, p - hell knight The roots lose their grip on something.
As you read the scroll of blinking, it crumbles to dust.
The hell knight prays to its god.
The hell knight blinks!
The centaur shoots an arrow.
The arrow hits you but does no damage.
The centaur shoots an arrow.
The arrow closely misses you.
Blink to where?
Press: ? - help, Dir - move target
As you read the scroll of blinking, it crumbles to dust.
The centaur shoots an arrow.
The arrow hits you but does no damage.
Casting: Foxfire (safe; 1% risk of failure)
Confirm with . or Enter, or press ? or * to list all spells.
You feel a surge of power!
A cloud of volatile blastmotes flares up around you!
The centaur shoots an arrow.
The arrow hits you but does no damage.
The centaur shoots an arrow.
The arrow hits you.
* * * LOW HITPOINT WARNING * * *
Unknown command.
The centaur shoots an arrow.
The arrow hits you but does no damage.
Found a rocky tunnel leading out of this place.
The cloud of blastmotes explodes!
The concussive blast engulfs the hell knight.
The hell knight completely resists.
You hear a shout!
The hell knight hits you but does no damage.
There is a rocky tunnel leading out of this place here.
The hell knight hits you with a +1 broad axe of flaming.
* * * LOW HITPOINT WARNING * * *
Welcome back to the Lair of Beasts!
There is a collapsed entrance here.
Blink to where?
Press: ? - help, Dir - move target
As you read the scroll of blinking, it crumbles to dust.
You feel yourself speed up.
You feel protected.
The hell knight mumbles some strange prayers to its god against you.
The bolt of fire hits you! You resist.
You die...

....# #..# #.## ..P.# #.##
#..# ..#.# #.# #..# ..#.##
### #.# ######
.#..#.##P####.# ####≈§§#
..............###..§§§≈##
..............##........#
..............##...≈≈≈≈#####
..............##@p##≈≈≈###P##
..............##..†#####....#
...............#...........#
..####.####....##........#.#
..# ### #.....###.....##.#
...# #.......#######..# #.##
#............##..# ..#
#.#######.......## #. #.#
###..####


You could see a hell knight (fast).

Vanquished Creatures
  Erica (D:8)
  The ghost of dxb338 the Covert, a novice FeEn of Wu Jian (D:9)
  A manticore (D:9)
  A hornet (D:7)
  A wraith (D:9)
  2 wyverns
  13 yaks (D:9)
  2 steam dragons
  Grum (D:8)
  2 wargs (D:9)
  Menkaure (D:4)
  3 water moccasins
  Edmund (D:5)
  5 orc warriors
  2 black bears
  4 sky beasts
  2 ogres
  2 wolves (D:8)
  3 centaurs
  A phantom (D:4)
  8 bullfrogs
  3 wights (D:6)
  9 howler monkeys
  5 jellies
  4 hounds
  4 orc priests (D:8)
  A gnoll bouda (D:6)
  8 iguanas
  10 orc wizards
  A mummy (D:4)
  10 gnolls (D:6)
  6 adders
  3 shadow imps
  A white imp (D:6)
  2 worms
  A dart slug (D:1)
  42 orcs
  11 ball pythons
  4 bats
  14 endoplasms
  2 giant cockroaches (D:1)
  10 goblins
  12 hobgoblins
  2 quokkas
  5 frilled lizards
  22 kobolds
  10 rats
  A butterfly (D:7)
260 creatures vanquished.

Vanquished Creatures (others)
  404 foxfires
404 creatures vanquished.

Grand Total: 664 creatures vanquished

Notes
Turn   | Place    | Note
-------+----------+-------------------------------------------
     0 | D:1      | Elion the Demigod Fire Elementalist began the quest for the
                  | Orb.
     0 | D:1      | Reached XP level 1. HP: 14/14 MP: 5/5
    42 | D:1      | Found Cedauh's Distillery.
   497 | D:1      | Found Rayx's General Store.
   499 | D:1      | Reached skill level 3 in Fire Magic
   634 | D:1      | Reached XP level 2. HP: 11/20 MP: 1/7
   833 | D:1      | Found Cecsoagg's Jewellery Shoppe.
   941 | D:1      | Reached skill level 1 in Conjurations
  1311 | D:1      | Reached XP level 3. HP: 26/26 MP: 5/8
  1321 | D:1      | Learned a level 2 spell: Scorch
  2947 | D:3      | Found Kupnoara's Armour Boutique.
  2967 | D:3      | Found Ecyeluc's Book Shop.
  3257 | D:3      | Reached XP level 4. HP: 33/33 MP: 6/10
  3372 | D:3      | Learned a level 4 spell: Flame Wave
  4287 | D:3      | Found Kejato's Distillery.
  4321 | D:3      | Found Disimn's General Store.
  4588 | D:3      | Found Yces's Book Boutique.
  4658 | D:3      | Reached XP level 5. HP: 39/39 MP: 5/12
  4921 | D:4      | Noticed Menkaure
  4927 | D:4      | Killed Menkaure
  4928 | D:4      | Reached skill level 1 in Fighting
  4928 | D:4      | Reached skill level 4 in Fire Magic
  4928 | D:4      | Reached XP level 6. HP: 47/47 MP: 7/14
  5609 | D:4      | Found a sand-covered staircase.
  6258 | D:4      | Reached skill level 5 in Fire Magic
  6265 | D:4      | Learned a level 3 spell: Volatile Blastmotes
  6279 | D:4      | Reached XP level 7. HP: 40/52 MP: 12/16
  6469 | D:5      | Entered Level 5 of the Dungeon
  6529 | D:5      | Reached skill level 1 in Short Blades
  6600 | D:5      | Noticed Edmund
  6610 | D:5      | Killed Edmund
  6972 | D:5      | Found Isueg's Elemental Accessories.
  6992 | D:5      | Bought a wand of flame (27) for 245 gold pieces
  7086 | D:5      | Reached skill level 6 in Fire Magic
  7495 | D:5      | Reached XP level 8. HP: 48/60 MP: 13/18
  8107 | D:6      | Reached skill level 1 in Translocations
  8505 | D:6      | Reached skill level 5 in Spellcasting
  8627 | D:6      | Reached skill level 7 in Fire Magic
  8801 | D:6      | Identified the +5 scale mail of the Nexus {Contam Rampage
                  | Str+3}
  9926 | D:7      | Noticed a hornet
  9939 | D:7      | HP: 3/61 [hornet (10)]
  9939 | D:7      | Paralysed by a hornet for 1 turns
 10339 | D:7      | Reached skill level 8 in Fire Magic
 10348 | D:7      | Reached XP level 9. HP: 59/67 MP: 14/21
 10507 | D:7      | Reached skill level 1 in Armour
 10548 | D:7      | Found a staircase to the Ecumenical Temple.
 10779 | D:8      | Identified the +1 ring mail of the Thirteen Ships {Str+5}
 10817 | D:8      | Noticed Grum
 10822 | D:8      | Killed Grum
 11109 | D:8      | Noticed Erica
 11126 | D:8      | Killed Erica
 11127 | D:8      | Reached skill level 9 in Fire Magic
 11376 | D:8      | Found a transporter.
 11376 | D:8      | Found Gyrol's Jewellery Shop.
 11405 | D:8      | Found a transporter.
 11572 | D:8      | Learned a level 3 spell: Frozen Ramparts
 11641 | D:8      | Found Geahout's Antique Weapon Boutique.
 11701 | D:8      | Got the Directory of Summoned Assaults
 11704 | D:8      | Learned a level 1 spell: Shock
 11711 | D:8      | Learned a level 6 spell: Summon Cactus Giant
 11810 | D:8      | Found Qutix's Antique Weapon Shop.
 11868 | D:8      | Found Idalusm's Antique Weapon Shop.
 12181 | D:9      | Reached XP level 10. HP: 23/74 MP: 4/24
 12385 | D:9      | Noticed a manticore
 12391 | D:9      | Found a runed translucent door.
 12391 | D:9      | Noticed dxb338's ghost (novice FeEn)
 12580 | D:9      | Killed a manticore
 12752 | D:9      | Upgraded the game from 0.31-a0-656-gb4d89c20fa to
                  | 0.31-a0-662-g684573625c
 12881 | D:9      | Reached skill level 10 in Fire Magic
 13401 | D:9      | Found a staircase to the Lair.
 13952 | D:9      | Killed dxb338's ghost
 14024 | Lair:1   | Entered Level 1 of the Lair of Beasts
 14271 | Lair:1   | Found a dark tunnel.
 14282 | Volcano  | Entered a volcano
 14308 | Volcano  | Noticed a hell knight
 14355 | Lair:1   | Killed from afar by a hell knight

Illustrated notes

Levels and vault maps discovered:
D:1:      lemuel_arrival_hallway, layout_loops_ring,
          hellmonk_ecumenical_altar_pennies_from_heaven, serial_shops,
          nicolae_shop_trees, nicolae_shop_crystal, nicolae_shop_crystal
D:2:      layout_basic, basic_altar, minivault_26
D:3:      cheibrodos_fertilizer, layout_basic, serial_shops, shop_fountains,
          nicolae_shop_behind_doors, nicolae_shop_trees,
          nicolae_shop_statue_plus, nicolae_shop_behind_doors
D:4:      layout_rooms, slow_altar_1, mainiacjoe_overflow_chevrons,
          lightli_ossuary_entry_decrepit_ruins, interstate_on_off, uniq_menkaure
D:5:      layout_basic, kennysheep_mini, nicolae_elemental_shop,
          kennysheep_generic_room_7, uniq_edmund
D:6:      corexii_shantytown, layout_basic, mainiacjoe_overflow_alcove_4,
          grunt_temple_overflow_open
D:7:      layout_rooms, grunt_gozag_breadcrumbs, minmay_temple_entry_butterflies
D:8:      layout_loops_cross, marbit_many_paths, mainiacjoe_overflow_paths,
          serial_shops, shop, nicolae_shop_behind_doors,
          nicolae_shop_rolling_square, nicolae_shop_drivethru, uniq_grum,
          uniq_erica
D:9:      layout_basic, erik_lair_orcish_takeover, gammafunk_ghost_grave
Lair:1:   layout_chaotic_city, lightli_volcano_entry_magma_tube,
          grunt_megastairs_1

Skill      XL: |  1  2  3  4  5  6  7  8  9 10 |
---------------+-------------------------------+-----
Fire Magic     | 3 4 5 6 8 9 10 | 10.8
Stealth        | 2 3 |  3.1
Spellcasting   | 2 3 4 5 6 8 |  8.0
Conjurations   | 1 2 3 |  3.9
Dodging        | 2 3 |  3.1
Fighting       | 1 2 |  2.7
Short Blades   | 1 2 3 |  3.0
Translocations | 2 3 |  3.5
Armour         | 2 3 |  3.4
Air Magic      | |  0.1

Action                     |  1- 3 |  4- 6 |  7- 9 | 10-12 || total
---------------------------+-------+-------+-------+-------++-------
  Melee: Club              |    22 |       |       |       ||    22
         Dagger            |    11 |    37 |   112 |    74 ||   234
         Punch             |       |       |     4 |       ||     4
   Cast: Foxfire           |   110 |    85 |    66 |    18 ||   279
         Scorch            |     3 |     4 |    41 |    21 ||    69
         Volatile Blastmot |       |       |    62 |    43 ||   105
         Flame Wave        |       |       |     8 |     3 ||    11
         Shock             |       |       |     5 |     1 ||     6
  Evoke: Wand              |       |       |       |     2 ||     2
    Use: Scroll            |     7 |     5 |     8 |     7 ||    27
         Potion            |     1 |     1 |     7 |     3 ||    12
 Armour: Robe              |     8 |     4 |    19 |       ||    31
         Scale mail        |       |       |    88 |   103 ||   191
  Dodge: Dodged            |    57 |    28 |   115 |    46 ||   246
         Form:             |       |     1 |       |       ||     1
         Blade             |       |     1 |       |       ||     1

Table legend: (Time is in decaauts)
 A = Elapsed time spent in this place.
 B = Non-inter-level travel time spent in this place.
 C = Inter-level travel time spent in this place.
 D = Time resting spent in this place.
 E = Time spent auto-exploring this place.
 F = Levels seen in this place.
 G = Mean time per level.
                   A        B        C        D        E       F      G
               +--------+--------+--------+--------+--------+-----+--------+
         Total |  14320 |  13744 |    576 |   4921 |   4138 |  11 | 1301.8 |
       Dungeon |  13992 |  13416 |    576 |   4903 |   4138 |   9 | 1554.7 |
          Lair |    259 |    259 |      0 |     18 |      0 |   1 |  259.0 |
       Volcano |     67 |     67 |      0 |      0 |      0 |   1 |   67.0 |
               +--------+--------+--------+--------+--------+-----+--------+

Top non-repeatable levels by time:
     D:3: 1934 daAuts
     D:9: 1899 daAuts
     D:6: 1823 daAuts
     D:4: 1621 daAuts
     D:1: 1570 daAuts
     D:8: 1369 daAuts
     D:2: 1338 daAuts
     D:5: 1336 daAuts
     D:7: 1099 daAuts
  Lair:1: 259 daAuts
 Volcano: 67 daAuts
